[Event "*** Titled Tuesday Blitz"]
[Site "Chess.com"]
[Date "2021.04.20"]
[Round "1"]
[White "mr_gustavo"]
[Black "731291"]
[Result "1-0"]
[WhiteElo "2393"]
[BlackElo "2683"]
[TimeControl "180+1"]
[EndTime "10:07:11 PDT"]
[Termination "mr_gustavo won by resignation"]

1. e4 c5 2. Nf3 e6 3. g3 d5 4.
Qe2 Nf6 5. d3 Be7 6. Bg2 Nc6 7.
O-O b6 8. Rd1 Bb7 9. exd5 Nxd5 10. d4 cxd4 11. Nxd4 Nxd4 12. Rxd4 Qc7 13. c4 Nb4 14.
Bf4 Qc8 15. Nc3 Bxg2 16. Kxg2 Nc6 17. Rd2 O-O 18. Rad1 Rd8 19. Qe4 Rxd2 20. Rxd2 Bf6 21.
Nb5 Na5 22. Nc7 Rb8 23. b4 Qb7 24. Qxb7 Nxb7 25. Nb5 Rc8 26. Rd7 Nd8 27. Nxa7 Rxc4 28. Be5 Nc6 29. Bxf6 gxf6 30. Nxc6 Rxc6 31. Rb7 Rc2 32. a4 Ra2 33. Ra7 Rb2 34. b5 Kg7 35. Ra6 Rb4 36. Kf3 f5 37. Ke3 Rb3+ 38. Kd4 Ra3 39.
Kc4 e5 40. Kb4 Rf3 41. Rxb6 Rxf2 42. a5 Ra2 43. a6 f4 44. gxf4 exf4 45. Rc6 f3 46.
Rc1 Kg6 47. Kc5 Kf5 48. Kb6 Ke4 49. a7 f2 50. Kb7 Rc2 51. Rf1 Ra2 52. a8=Q Rxa8 53.
Kxa8 Ke3 54. b6 1-0

[Event "*** Titled Tuesday Blitz"]
[Site "Chess.com"]
[Date "2021.04.20"]
[Round "1"]
[White "Nikolaj_6"]
[Black "Srisshhhtea"]
[Result "1-0"]
[WhiteElo "2627"]
[BlackElo "2321"]
[TimeControl "180+1"]
[EndTime "10:07:11 PDT"]
[Termination "Nikolaj_6 won by resignation"]

1. e4 e6 2. d4 d5 3. Nc3 Bb4 4. e5 c5 5. a3 Bxc3+ 6. bxc3 Qc7 7. a4 Ne7 8. Nf3 b6 9. Bb5+ Bd7 10. Bd3 Nbc6 11.
Ba3 Na5 12. O-O Ng6 13. g3 Bxa4 14. h4 h6 15. h5 Ne7 16. Nh4 Bd7 17. Qg4 c4 18.
Qxg7 Rg8 19. Qf6 Ba4 20. Bh7 Rf8 21. Bd6 Qd7 22. Rxa4 Nac6 23. Rfa1 O-O-O 24. Qxh6 Rh8 25. Qg7 Nf5 26. Nxf5 exf5 27. h6 Rde8 28. f4 a5 29.
R4a2 Nd8 30. Rb2 Kb7 31. Rxa5 Ne6 32. Qf6 Rxh7 33. Rab5 Ra8 34. Rxb6+ Ka7 35. R6b4 Ka6 36. Ra2+ 1-0

[Event "*** Titled Tuesday Blitz"]
[Site "Chess.com"]
[Date "2021.04.20"]
[Round "1"]
[White "Vesper2018"]
[Black "artichaud"]
[Result "1-0"]
[WhiteElo "2534"]
[BlackElo "2209"]
[TimeControl "180+1"]
[EndTime "10:07:11 PDT"]
[Termination "Vesper2018 won on time"]

1. e4 d5 2. exd5 Qxd5 3. Nc3 Qd6 4. d4 Nf6 5. Nf3 a6 6. Be2 Nc6 7. O-O Bg4 8. h3 Bxf3 9. Bxf3 O-O-O 10. Be3 Nxd4 11.
Bxd4 Qxd4 12. Bxb7+ Kxb7 13. Qf3+ c6 14. Rad1 Qb6 15.
Na4 Rxd1 16. Rxd1 Qc7 17. Nc5+ Ka7 18. Qe2 Qb6 19. Nd7 Qc7 20. Qe3+ Ka8 21. Nxf6 exf6 22.
Qe8+ Kb7 23. Rd7 Qxd7 24. Qxd7+ Kb6 25. Qd8+ Kb7 26. b4 g6 27. c4 Bg7 28. Qd7+ Kb6 29.
a4 1-0

[Event "*** Titled Tuesday Blitz"]
[Site "Chess.com"]
[Date "2021.04.20"]
[Round "1"]
[White "nocnypako"]
[Black "pirulillo"]
[Result "0-1"]
[WhiteElo "2516"]
[BlackElo "2219"]
[TimeControl "180+1"]
[EndTime "10:07:11 PDT"]
[Termination "pirulillo won on time"]

1. d4 Nf6 2. c4 g6 3. Nc3 Bg7 4. e4 d6 5. Nf3 O-O 6. Be2 e5 7. O-O Nc6 8. d5 Ne7 9. Ne1 Nd7 10. Be3 f5 11. f3 f4 12. Bf2 g5 13. Rc1 Ng6 14. c5 Nxc5 15. b4 Na6 16. Nb5 b6 17. Qa4 Rf7 18. Nxd6 Qxd6 19. Bxa6 Bxa6 20. Qxa6 Bf8 21. Nd3 Qd8 22. Rc6 Bd6 23. a3 Rg7 24. Nb2 Ne7 25. Rc3 Qd7 26. Nc4 h5 27. Nxd6 Qxd6 28.
Rfc1 g4 29. Qb7 Rf8 30. fxg4 Qg6 31. Rxc7 Qxg4 32. g3 fxg3 33. Bxg3 h4 34. Rxe7 Rg6 35.
Re6 hxg3 36. Rxg6+ Qxg6 0-1

[Event "*** Titled Tuesday Blitz"]
[Site "Chess.com"]
[Date "2021.04.20"]
[Round "1"]
[White "Twitch_ElhamBlitz05"]
[Black "BanjoKazooieN64"]
[Result "0-1"]
[WhiteElo "2736"]
[BlackElo "2428"]
[TimeControl "180+1"]
[EndTime "10:07:12 PDT"]
[Termination "BanjoKazooieN64 won by resignation"]

1. e4 e6 2. d4 d5 3. Nc3 Bb4 4. e5 c5 5. a3 Bxc3+ 6. bxc3 Ne7 7. h4 Qa5 8. Bd2 Nbc6 9. Nf3 Bd7 10. h5 O-O-O 11.
Rb1 c4 12. Be2 Rdf8 13. h6 gxh6 14. Bxh6 Rfg8 15. Kf1 Qxc3 16. Bd2 Qxa3 17. Ra1 Qb2 18. Rb1 Qa3 19. Rh3 Qa6 20. Bg5 Rg6 21. Bf6 Rhg8 22. Rxh7 Rxg2 23. Rxf7 Nf5 24. c3 Qa2 25. Rc1 Qb2 26.
Qc2 Qxc2 27. Rxc2 Be8 28. Rf8 Rxf2+ 29. Kxf2 Rxf8 30. Ng5 Kd7 31. Bg4 Bg6 32. Rc1 b5 33. Ke2 b4 34. Bxf5 Bxf5 35. Kd2 b3 36. Rf1 b2 37.
Rxf5 b1=Q 38. Rf3 Qb2+ 0-1

[Event "*** Titled Tuesday Blitz"]
[Site "Chess.com"]
[Date "2021.04.20"]
[Round "1"]
[White "Eloist"]
[Black "Szparu"]
[Result "0-1"]
[WhiteElo "2371"]
[BlackElo "2677"]
[TimeControl "180+1"]
[EndTime "10:07:12 PDT"]
[Termination "Szparu won on time"]

1. e4 c5 2. Nf3 d6 3. Bb5+ Bd7 4. Bxd7+ Qxd7 5. c4 Nf6 6. Nc3 g6 7. d4 cxd4 8. Nxd4 Bg7 9. f3 O-O 10. Be3 Nc6 11.
O-O e6 12. Qd2 Rfd8 13. Rad1 Rac8 14. b3 a6 15. Na4 Qc7 16. Ne2 b5 17. Bb6 Qb7 18. Bxd8 Rxd8 19. Nb2 Nd7 20. Kh1 h5 21. Rc1 Kh7 22. Rfd1 Bh6 23. f4 Nc5 24. Qe3 e5 25. cxb5 axb5 26. Nd3 Ne6 27. g3 Ra8 28. Qd2 b4 29.
Rc4 Ncd4 30. Nf2 Nxe2 31. Qxe2 exf4 32. Rxd6 f3 33. Qxf3 Rxa2 34. Kg2 Qa7 35. Rd3 Bf8 36. h4 Bc5 37. Rxc5 Nxc5 38. Rd5 Nxe4 39. Qxe4 Qxf2+ 40. Kh3 Qf1+ 0-1

[Event "*** Titled Tuesday Blitz"]
[Site "Chess.com"]
[Date "2021.04.20"]
[Round "1"]
[White "eduardoperalta"]
[Black "Azerichess"]
[Result "1/2-1/2"]
[WhiteElo "2478"]
[BlackElo "2998"]
[TimeControl "180+1"]
[EndTime "10:07:13 PDT"]
[Termination "Game drawn by repetition"]

1. d4 Nf6 2. c4 g6 3. Nc3 d5 4.
Nf3 Bg7 5. cxd5 Nxd5 6. e4 Nxc3 7. bxc3 O-O 8. Rb1 c5 9. Be2 Qc7 10. O-O Rd8 11. Be3 b6 12. Qd2 Ba6 13. Rfd1 Bxe2 14. Qxe2 Nd7 15. e5 Rac8 16. h4 Nf8 17. h5 cxd4 18.
cxd4 Qc2 19. Qa6 Qc7 20. hxg6 hxg6 21. a4 Ne6 22. a5 bxa5 23. Rb7 Qc2 24. Rc1 Qf5 25.
Rxc8 Rxc8 26. Rxe7 Rb8 27. Rb7 Rxb7 28. Qxb7 a4 29.
Qxa7 Qc2 30. Qa8+ Bf8 31. d5 Nc7 32. Qc8 Qd1+ 33. Kh2 Qxd5 34. Qxc7 a3 35. Bd4 a2 36.
Qc3 Bh6 37. g3 a1=Q 38. Qxa1 Qxf3 39. Qc3 Qd5 40. Qc8+ Kh7 41. Qg4 Bg7 42. Qh4+ Kg8 43. Qf4 Qe6 44. Qe3 Qd5 45. Qf4 Qe6 46. Qe3 Qf5 47.
Qf4 Qd7 48. Qe3 Qd5 49. Qf4 1/2-1/2

[Event "*** Titled Tuesday Blitz"]
[Site "Chess.com"]
[Date "2021.04.20"]
[Round "1"]
[White "ehrenfeld"]
[Black "Piccadilly123"]
[Result "1-0"]
[WhiteElo "2543"]
[BlackElo "2220"]
[TimeControl "180+1"]
[EndTime "10:07:13 PDT"]
[Termination "ehrenfeld won on time"]

1. e4 g6 2. d4 Bg7 3. Nf3 c5 4. d5 d6 5. Nc3 Nf6 6. Be2 a6 7. a4 Bg4 8. O-O O-O 9. Nd2 Bxe2 10. Qxe2 Re8 11. Nc4 Nbd7 12. h3 Qc7 13. Bf4 Ne5 14.
Nxe5 dxe5 15. Be3 Rab8 16. a5 Nd7 17. Ra2 Qd6 18. Nb1 Rec8 19. Nd2 c4 20. Nxc4 Qb4 21. b3 Nc5 22. Bd2 Qb5 23. Raa1 Rc7 24. f4 exf4 25. Bxf4 Bxa1 26. Bxc7 Bd4+ 27. Kh1 Rc8 28.
Bf4 Nd7 29. Qf3 Rxc4 30. bxc4 Qxc4 31. e5 Bxe5 32. Bh2 f6 33. Rb1 Qxc2 34. Qb3 Qxb3 35. Rxb3 Bxh2 36. Kxh2 Nc5 37. Rc3 Ne4 38. Rc7 Kf7 39.
Rxb7 f5 40. Rb6 Nc5 41. Rc6 Nb3 42. Rxa6 Nd4 43. Rb6 1-0

[Event "*** Titled Tuesday Blitz"]
[Site "Chess.com"]
[Date "2021.04.20"]
[Round "1"]
[White "agartha01"]
[Black "LenkaPtacnikova"]
[Result "1-0"]
[WhiteElo "2516"]
[BlackElo "2178"]
[TimeControl "180+1"]
[EndTime "10:07:13 PDT"]
[Termination "agartha01 won by resignation"]

1. c4 e5 2. Nc3 Nf6 3. g3 d5 4.
cxd5 Nxd5 5. Bg2 Nb6 6. Nf3 Nc6 7. O-O Be7 8. d3 O-O 9. Bd2 a5 10. Rc1 Be6 11. a3 f6 12. Na4 Nxa4 13. Qxa4 Bd5 14. Bc3 Bc5 15. Qb5 Bb6 16. Nd2 Bxg2 17. Kxg2 Nd4 18.
Bxd4 Qxd4 19. Qc4+ Qxc4 20. Nxc4 Bd4 21. e3 Bb6 22.
Nxb6 cxb6 23. Rc7 Rf7 24. Rfc1 Re8 25. Kf3 Rfe7 26. Ke4 Kf7 27. Rxe7+ Rxe7 28. g4 g6 29. Rc3 Ke6 30. Rb3 f5+ 31. gxf5+ gxf5+ 32. Kf3 Kd5 33. Rxb6 e4+ 34. dxe4+ fxe4+ 35. Ke2 Kc5 36. Rb3 b5 37.
Rc3+ Kd5 38. b4 axb4 39. axb4 Rb7 40. Rc5+ Kd6 41. Rh5 Ke6 42. Kd2 Rd7+ 43. Kc3 Rd3+ 44. Kc2 1-0

[Event "*** Titled Tuesday Blitz"]
[Site "Chess.com"]
[Date "2021.04.20"]
[Round "1"]
[White "MaevskiyNikolay"]
[Black "JiiHart"]
[Result "1-0"]
[WhiteElo "2479"]
[BlackElo "1995"]
[TimeControl "180+1"]
[EndTime "10:07:13 PDT"]
[Termination "MaevskiyNikolay won by resignation"]

1. Nf3 Nf6 2. c4 g6 3. Nc3 Bg7 4. e4 d6 5. d4 O-O 6. Be2 Na6 7. Bg5 h6 8. Bh4 c5 9. d5 Nc7 10. O-O Bd7 11. a4 b6 12. Nd2 a6 13. f4 b5 14. e5 Nfe8 15. axb5 axb5 16. Rxa8 Nxa8 17. cxb5 dxe5 18. fxe5 Bxe5 19. Nc4 Bf6 20. Bf2 Qc7 21. Ne4 Bxb5 22. Nxf6+ exf6 23. d6 Qd7 24. Bxc5 Ng7 25. Rxf6 Ne6 26. Ba3 Rc8 27. Ne5 Qa7+ 28. Rf2 Bxe2 29.
d7 Rc7 30. Qd2 Nd8 31. h4 Ne6 32. Qxe2 Nd8 33. Kh2 Kg7 34. Qd2 Rxd7 35. Nxd7 Qxd7 36. Qxd7 Nb6 37. Qxd8 1-0

[Event "*** Titled Tuesday Blitz"]
[Site "Chess.com"]
[Date "2021.04.20"]
[Round "1"]
[White "Firouzja2003"]
[Black "djano"]
[Result "1-0"]
[WhiteElo "3139"]
[BlackElo "2472"]
[TimeControl "180+1"]
[EndTime "10:07:15 PDT"]
[Termination "Firouzja2003 won by resignation"]

1. d4 Nf6 2. Bg5 d5 3. Bxf6 exf6 4. e3 Bd6 5. Bd3 c6 6. Nd2 f5 7. c3 Qe7 8. Ne2 g6 9. Qc1 Nd7 10. c4 Nf6 11. O-O O-O 12. h3 Bd7 13. Rb1 a5 14.
Qc2 Kg7 15. Nf3 Ne4 16. b3 f6 17. Rfe1 Rae8 18. Nf4 Qf7 19. h4 h5 20. c5 Bc7 21.
g3 Re7 22. Ng2 Ra8 23. a3 Qe8 24. b4 axb4 25. axb4 Ra3 26. Ra1 Qa8 27. Qb2 Rxa1 28. Rxa1 Qc8 29. b5 cxb5 30. Bxb5 Bc6 31. Bxc6 bxc6 32.
Ra7 Bd8 33. Rxe7+ Bxe7 34. Nf4 Bd8 35. Qa2 Kf7 36. Nd3 Qb7 37. Kg2 Bc7 38. Qa4 Nc3 39.
Qb4 Nb5 40. Qb3 Qa6 41. Nb4 Qa8 42. Nxd5 cxd5 43. Qxb5 Ke7 44. c6 Bd6 45. Qxd5 Qc8 46.
Qc4 Qe6 47. d5 Qe4 48. Qxe4+ fxe4 49. Nd4 f5 50. Nb5 1-0

[Event "*** Titled Tuesday Blitz"]
[Site "Chess.com"]
[Date "2021.04.20"]
[Round "1"]
[White "Redzishchess"]
[Black "adnan_nn"]
[Result "0-1"]
[WhiteElo "2365"]
[BlackElo "2665"]
[TimeControl "180+1"]
[EndTime "10:07:15 PDT"]
[Termination "adnan_nn won by resignation"]

1. f4 d5 2. Nf3 c5 3. e3 Nc6 4.
Bb5 Bd7 5. O-O g6 6. Nc3 Nf6 7.
b3 Bg7 8. Bb2 O-O 9. d3 Nb8 10.
Bxd7 Qxd7 11. Ne5 Qc7 12. e4 e6 13. Qf3 Nc6 14. Nxc6 Qxc6 15. e5 Nd7 16. Ne2 b5 17. a4 a6 18. h4 h5 19. Kh2 f6 20. exf6 Bxf6 21. Bxf6 Nxf6 22. g3 Ng4+ 23. Kh1 b4 24. Ng1 e5 25. Nh3 e4 26. dxe4 dxe4 27. Qe2 e3+ 28.
Kg1 Rad8 29. Rad1 Rd4 30. Rd3 Rfd8 31. Rfd1 Qe4 32. Ng5 Qd5 33. Nh3 Kg7 34. Ng5 Qf5 35. Rxd4 cxd4 36. Qd3 Qxd3 37. Rxd3 Kf6 38. Kf1 Nf2 0-1

[Event "*** Titled Tuesday Blitz"]
[Site "Chess.com"]
[Date "2021.04.20"]
[Round "1"]
[White "Kildepiotr"]
[Black "energie73"]
[Result "1-0"]
[WhiteElo "2654"]
[BlackElo "2351"]
[TimeControl "180+1"]
[EndTime "10:07:15 PDT"]
[Termination "Kildepiotr won by checkmate"]

1. Nf3 Nf6 2. g3 g6 3. Bg2 Bg7 4. O-O O-O 5. d4 d6 6. Nbd2 Nc6 7. e4 e5 8. dxe5 Nxe5 9. Nxe5 dxe5 10. Qe2 Qe7 11.
b3 b6 12. a4 Re8 13. Bb2 a5 14. Rfd1 Ba6 15. Qe1 Nd7 16. Bf1 Bxf1 17. Kxf1 Nc5 18.
Nc4 f6 19. f3 Bf8 20. Rd5 Qe6 21. Kg2 Rad8 22. Rad1 Be7 23. Ba3 Rxd5 24. Rxd5 Nb7 25. Bxe7 Qxe7 26. Qd2 Rd8 27. Ne3 Kf7 28. Qd3 c6 29. Rxd8 Nxd8 30. Nc4 Qc7 31. f4 exf4 32. gxf4 Ne6 33. Qd6 Nxf4+ 34. Kf3 Qxd6 35. Nxd6+ Ke6 36. Nc4 b5 37. Nxa5 bxa4 38. Kxf4 a3 39. b4 a2 40. Nb3 g5+ 41. Ke3 f5 42. exf5+ Kxf5 43. c4 Ke5 44. Kd3 h5 45. Kc3 g4 46. Kb2 h4 47.
Kxa2 Ke4 48. b5 cxb5 49. cxb5 Kd5 50. Ka3 g3 51. hxg3 h3 52. b6 Kc6 53. Nd4+ Kxb6 54. Nf3 Kc5 55. Kb3 Kd5 56. Kc3 Ke4 57. Nh2 Ke3 58. g4 Kf4 59. Kd4 Kg3 60. g5 Kxh2 61.
g6 Kh1 62. g7 h2 63. Ke3 Kg2 64. g8=Q+ Kh1 65. Qd5+ Kg1 66. Qd1+ Kg2 67. Qe2+ Kg1 68. Qf2+ Kh1 69. Qf1# 1-0

[Event "*** Titled Tuesday Blitz"]
[Site "Chess.com"]
[Date "2021.04.20"]
[Round "1"]
[White "dmitrijiIM"]
[Black "FMalexhdez"]
[Result "1-0"]
[WhiteElo "2538"]
[BlackElo "2213"]
[TimeControl "180+1"]
[EndTime "10:07:15 PDT"]
[Termination "dmitrijiIM won by resignation"]

1. e4 c5 2. Nf3 d6 3. d4 cxd4 4. Nxd4 Nf6 5. Nc3 a6 6. Be3 e5 7.
Nf3 Be7 8. Bc4 Be6 9. Bxe6 fxe6 10. Ng5 Qd7 11. Qf3 Nc6 12. Qh3 Nd8 13. Rd1 O-O 14. O-O h6 15. Nf3 Nc6 16. Nh4 Kh7 17. Qg3 Qe8 18.
Kh1 Qh5 19. Nf3 Ng4 20. Bb6 Rf4 21. h3 Raf8 22. Kg1 Nf6 23. Nd2 Nd7 24. Be3 R4f6 25. Nb3 Rg6 26. Qh2 Nf6 27. f3 b5 28. a3 Qh4 29. Bf2 Qg5 30. Kh1 Nh5 31. Ne2 Nf4 32. Nxf4 exf4 33. Nd4 e5 34. Nxc6 Qf6 35. Nb4 Rg5 36. Nd5 Qe6 37. Nxe7 Qxe7 38. Bh4 Rc8 39. Bxg5 Qxg5 40. c3 1-0

[Event "*** Titled Tuesday Blitz"]
[Site "Chess.com"]
[Date "2021.04.20"]
[Round "1"]
[White "RobertoJBM"]
[Black "The_filthy"]
[Result "0-1"]
[WhiteElo "2725"]
[BlackElo "2425"]
[TimeControl "180+1"]
[EndTime "10:07:16 PDT"]
[Termination "The_filthy won on time"]

1. d4 d5 2. e3 c6 3. Nf3 Nf6 4. Be2 Bg4 5. O-O e6 6. b3 Nbd7 7. c4 Bd6 8. Ba3 Bxa3 9. Nxa3 O-O 10. Qc2 Qa5 11. Qb2 Ne4 12. Nb1 f5 13. b4 Qc7 14.
Nc3 Rf6 15. Rac1 Qd6 16. b5 Rh6 17. g3 Rf8 18. Rfd1 Qe7 19. bxc6 bxc6 20. cxd5 exd5 21. h4 Re8 22. Rd3 g5 23. hxg5 Nxg5 24. Nxg5 Qxg5 25. Bxg4 Qxg4 26. Qe2 Qh3 27. Qf3 Qh2+ 28. Kf1 Qh1+ 29. Ke2 Qxc1 30. Qxf5 Nf6 31. Nd1 Qc2+ 32. Kf1 Rf8 33.
Qe6+ Kh8 34. Qe7 Rg8 0-1

[Event "*** Titled Tuesday Blitz"]
[Site "Chess.com"]
[Date "2021.04.20"]
[Round "1"]
[White "northridgehawk"]
[Black "SirStrateg"]
[Result "0-1"]
[WhiteElo "2305"]
[BlackElo "2607"]
[TimeControl "180+1"]
[EndTime "10:07:17 PDT"]
[Termination "SirStrateg won by resignation"]

1. e4 d6 2. d3 Nf6 3. g3 g6 4. Bg2 Bg7 5. Nf3 O-O 6. O-O c5 7. c3 Nc6 8. a4 a6 9. Na3 Rb8 10. Qe2 b5 11. axb5 axb5 12. Be3 b4 13. Nc4 Be6 14. Nfd2 bxc3 15. bxc3 Ng4 16. Rfc1 Nxe3 17. Nxe3 Qd7 18. Ndc4 Rb3 19. Ra3 Rxa3 20. Nxa3 Rb8 21. f4 Qa7 22. Nac4 Na5 23. Nd2 Nb3 24. Rc2 Nxd2 25.
Qxd2 Rb1+ 26. Kf2 Qa1 27. h3 h5 28. f5 Bb3 29. fxg6 fxg6 30. e5 Bxc2 31. Nxc2 Qb2 32.
Bd5+ Kh7 33. Kf3 Bxe5 34. d4 cxd4 35. Bf7 Qxc3+ 36. Qxc3 dxc3 37. Ne3 Kg7 38. Bc4 Rb2 39. g4 c2 40. Nxc2 Rxc2 41. Bd5 Rc3+ 42. Kg2 h4 43.
Bf3 g5 44. Kf2 Bg3+ 45. Ke2 Kf6 46. Be4 Bf4 47. Bd3 Ke5 48. Bf5 Rxh3 49. Kf2 Rg3 50. Ke2 d5 51. Kf1 h3 52. Be4 dxe4 0-1

[Event "*** Titled Tuesday Blitz"]
[Site "Chess.com"]
[Date "2021.04.20"]
[Round "1"]
[White "Bad_left_hook"]
[Black "Ladislav1969"]
[Result "1-0"]
[WhiteElo "2627"]
[BlackElo "2324"]
[TimeControl "180+1"]
[EndTime "10:07:18 PDT"]
[Termination "Bad_left_hook won by resignation"]

1. d4 Nf6 2. Nf3 g6 3. c4 Bg7 4.
Nc3 d5 5. cxd5 Nxd5 6. e4 Nxc3 7.
bxc3 c5 8. Be2 Bg4 9. Be3 Nc6 10.
Rb1 Bxf3 11. gxf3 cxd4 12. cxd4 Bxd4 13. Rxb7 Bc3+ 14. Kf1 Qc8 15. Qb3 Bg7 16. Kg2 O-O 17. Rc1 Qe8 18. Bb5 Na5 19. Bxe8 Nxb3 20. axb3 Rfxe8 21. Rcc7 Rab8 22. Bxa7 Rxb7 23. Rxb7 e6 24. b4 Bf8 25. b5 Rc8 26. Be3 Bc5 27. Bh6 Bd4 28. f4 f6 29. b6 Rc2 30. Rg7+ Kh8 31. b7 Rxf2+ 32. Kg3 Rb2 33. Rf7 Bc5 34. Rc7 Bf2+ 35. Kf3 Kg8 36. Rc8+ Kf7 37. b8=Q Rxb8 38. Rxb8 Ba7 39.
Rb7+ 1-0

[Event "*** Titled Tuesday Blitz"]
[Site "Chess.com"]
[Date "2021.04.20"]
[Round "1"]
[White "Michaelson_11"]
[Black "AldokhinIvan"]
[Result "1-0"]
[WhiteElo "2219"]
[BlackElo "2516"]
[TimeControl "180+1"]
[EndTime "10:07:18 PDT"]
[Termination "Michaelson_11 won on time"]

1. e4 c5 2. Nc3 e6 3. Nf3 a6 4. d4 cxd4 5. Nxd4 Qc7 6. Bd3 Nf6 7. Qe2 Bd6 8. Ndb5 axb5 9. Nxb5 Qa5+ 10. Bd2 Bb4 11. Bxb4 Qxb4+ 12. c3 Qc5 13. e5 Nd5 14. Nd6+ Kf8 15. Qh5 g6 16. Bxg6 fxg6 17. Qf3+ Ke7 18. Qf7+ Kd8 19. Qg7 Re8 20. Qf7 Nc7 21. Qf6+ Re7 22.
O-O-O Nc6 23. Nf7+ Ke8 24. Nd6+ Kd8 25. Nf7+ Ke8 26.
Nd6+ Qxd6 27. exd6 Rf7 28. Qh8+ Rf8 29. Qxh7 Nd5 30.
Qxg6+ Kd8 31. Qg5+ Ke8 32. Rxd5 1-0

[Event "*** Titled Tuesday Blitz"]
[Site "Chess.com"]
[Date "2021.04.20"]
[Round "1"]
[White "wonderfultime"]
[Black "slowdgehammer"]
[Result "1-0"]
[WhiteElo "2958"]
[BlackElo "2465"]
[TimeControl "180+1"]
[EndTime "10:07:19 PDT"]
[Termination "wonderfultime won on time"]

1. d4 d5 2. c4 dxc4 3. e4 Nf6 4. e5 Nd5 5. Bxc4 Nb6 6. Bb3 Nc6 7.
Be3 Bf5 8. Nc3 e6 9. Nge2 Qd7 10. O-O Na5 11. Bc2 Bxc2 12. Qxc2 c6 13. Ne4 Nd5 14.
Bd2 b6 15. Rac1 Rc8 16. Bxa5 bxa5 17. Qa4 Qc7 18. N2c3 Qb6 19. Nb5 cxb5 20. Rxc8+ Kd7 21. Qc2 Nb4 22. Qc1 Nxa2 23. Qc2 Nb4 24. Qc3 Na2 25. Qb3 Kxc8 26. Qxa2 Bb4 27. d5 Rd8 28.
d6 Qc6 29. Ng5 Rd7 30. Qb1 Kb7 31. Qxh7 f6 32. Nxe6 fxe5 33. Nf8 Rxd6 34. Qxg7+ 1-0

[Event "*** Titled Tuesday Blitz"]
[Site "Chess.com"]
[Date "2021.04.20"]
[Round "1"]
[White "ljuks68"]
[Black "GadimbayliA"]
[Result "0-1"]
[WhiteElo "2420"]
[BlackElo "2763"]
[TimeControl "180+1"]
[EndTime "10:07:20 PDT"]
[Termination "GadimbayliA won on time"]

1. e4 e5 2. Nf3 d5 3. exd5 e4 4. Qe2 Nf6 5. d3 Bb4+ 6. c3 O-O 7. dxe4 Bd6 8. Bg5 Re8 9. Nbd2 c6 10. dxc6 Nxc6 11. O-O-O Qe7 12. Nd4 Nxd4 13. cxd4 Qc7+ 14. Kb1 Be6 15. Bxf6 gxf6 16. f3 Rac8 17. Qd3 f5 18. d5 Bd7 19. Be2 Bf4 20. g3 Bxd2 21.
Rxd2 Qe5 22. Qd4 fxe4 23. fxe4 Qxe4+ 24. Qxe4 Rxe4 25. Bd3 Re3 26. Rc1 Rd8 27. Rc3 Kg7 28. Kc2 Bg4 29. Bc4 Re4 30. Bb3 Re1 31. Rc7 b5 32. d6 Bf5+ 33. Kc3 Rc1+ 34. Kd4 Rxd6+ 35. Ke3 Rxd2 36. Kxd2 Rxc7 0-1

[Event "*** Titled Tuesday Blitz"]
[Site "Chess.com"]
[Date "2021.04.20"]
[Round "1"]
[White "leopato"]
[Black "JAAC2002"]
[Result "0-1"]
[WhiteElo "2121"]
[BlackElo "2505"]
[TimeControl "180+1"]
[EndTime "10:07:20 PDT"]
[Termination "JAAC2002 won on time"]

1. e4 e6 2. d3 d5 3. Nd2 c5 4. Ngf3 Nc6 5. g3 Bd6 6. Bg2 Nge7 7. O-O O-O 8. c3 d4 9. cxd4 cxd4 10. a3 f6 11. b4 e5 12. Bb2 Be6 13. Rc1 Qd7 14.
Nc4 Rfc8 15. Nfd2 Bc7 16. f4 b5 17. Na5 Nxa5 18. bxa5 Bxa5 19. fxe5 fxe5 20. Nf3 Ng6 21. Ng5 Rxc1 22. Bxc1 h6 23. Nxe6 Qxe6 24. Qh5 Rf8 25. Rf5 Ne7 26. Rxf8+ Kxf8 27. Bh3 Qc6 28. Bb2 Bc3 29.
Bxc3 dxc3 30. Qxe5 c2 31. Qf4+ Kg8 32. Qc1 a5 33. d4 b4 34. axb4 axb4 35. Bg2 b3 36. e5 Qc3 0-1

[Event "*** Titled Tuesday Blitz"]
[Site "Chess.com"]
[Date "2021.04.20"]
[Round "1"]
[White "bilelou"]
[Black "ChessAdvanceUSA"]
[Result "1-0"]
[WhiteElo "2612"]
[BlackElo "2312"]
[TimeControl "180+1"]
[EndTime "10:07:21 PDT"]
[Termination "bilelou won by checkmate"]

1. d4 Nc6 2. d5 Nb8 3. Nc3 Nf6 4. e4 d6 5. h3 g6 6. Nf3 Bg7 7.
Bc4 O-O 8. O-O c6 9. Re1 cxd5 10.
Nxd5 Nc6 11. c3 Nd7 12. Bb3 Nc5 13. Bc2 b6 14. Bg5 h6 15. Bf4 Bb7 16. Qd2 Kh7 17. Rad1 Rc8 18. b4 Nd7 19. Bb3 Nce5 20. Nxe5 Nxe5 21.
Rc1 Ba6 22. Bxe5 Bxe5 23. c4 Bb7 24. a3 Bxd5 25. exd5 Bf6 26. Re4 a5 27. h4 h5 28.
Rce1 axb4 29. axb4 Ra8 30. Qd3 Ra1 31. Rxa1 Bxa1 32. Bc2 Bf6 33. Qf3 Kg7 34. g3 Qd7 35.
Kg2 Ra8 36. g4 hxg4 37. Rxg4 Ra3 38. Qe4 Rc3 39. h5 Rxc2 40. hxg6 Kf8 41. gxf7 Bg7 42. Qg6 Qxg4+ 43. Qxg4 Rb2 44. b5 Kxf7 45. Qf5+ Bf6 46.
Qe6+ Kg7 47. Qd7 Rb4 48. Qc7 Bd4 49. Qxe7+ Kg8 50. Qe6+ Kh8 51. Qe8+ Kh7 52. Qd7+ Kg8 53. Qg4+ Bg7 54. Qe4 Rb2 55. Qe6+ Kh8 56. Qxd6 Bd4 57. Qf8+ Kh7 58. Qf7+ Kh8 59. Qh5+ Kg8 60. Qg4+ Bg7 61. d6 Rc2 62. d7 Rd2 63. Qe6+ Kf8 64. Qe8# 1-0

[Event "*** Titled Tuesday Blitz"]
[Site "Chess.com"]
[Date "2021.04.20"]
[Round "1"]
[White "pastouche06"]
[Black "Pantata007"]
[Result "1-0"]
[WhiteElo "2568"]
[BlackElo "2243"]
[TimeControl "180+1"]
[EndTime "10:07:21 PDT"]
[Termination "pastouche06 won on time"]

1. b4 e5 2. Bb2 Bxb4 3. Bxe5 Nf6 4. e3 O-O 5. Nf3 d5 6. Be2 Bd6 7. d4 Qe7 8. O-O Nbd7 9. Bxd6 Qxd6 10. c4 dxc4 11. Bxc4 Nb6 12. Bb3 c5 13. Nc3 Bg4 14. h3 Bh5 15. g4 Bg6 16. Rc1 cxd4 17. Qxd4 Qxd4 18. Nxd4 Rfd8 19. Ncb5 a6 20. Nc3 Rac8 21. Nce2 Bd3 22. Rxc8 Rxc8 23. Rc1 Rxc1+ 24. Nxc1 Bc4 25.
Kg2 Kf8 26. Kf3 Nfd7 27. Bxc4 Nxc4 28. Ke4 b5 29. Kd5 Nb8 30. Ncb3 Ke7 31. Nc6+ Nxc6 32. Kxc6 Ne5+ 33. Kb6 Nd3 34. f3 Nb4 35. Nc1 Nc2 36. Kxa6 Nxe3 37. Kxb5 Nd5 38. a4 1-0

[Event "*** Titled Tuesday Blitz"]
[Site "Chess.com"]
[Date "2021.04.20"]
[Round "1"]
[White "KetiGrant"]
[Black "FMJoseHerrera"]
[Result "0-1"]
[WhiteElo "2345"]
[BlackElo "2652"]
[TimeControl "180+1"]
[EndTime "10:07:22 PDT"]
[Termination "FMJoseHerrera won on time"]

1. e4 c5 2. Nf3 e6 3. d4 cxd4 4. Nxd4 a6 5. Bd3 Qc7 6. O-O b6 7. Qe2 Bb7 8. Nc3 d6 9. f4 Nd7 10. Kh1 h5 11. Bd2 Ngf6 12. Rae1 h4 13. Nf3 h3 14. g3 Be7 15. Kg1 b5 16. a4 b4 17. Na2 a5 18. Nc1 d5 19. e5 Ne4 20.
Be3 Ndc5 21. Nb3 Nxa4 22. Bb5+ Bc6 23. Nbd4 Bd7 24. f5 Nxb2 25. fxe6 fxe6 26. Nxe6 Qb7 27. Nxg7+ Kd8 28. Bxd7 Qxd7 29. Nd4 Nc4 30. Nge6+ Kc8 31. Rf7 Re8 32. Ref1 Qa7 33. Kh1 Qb6 34. Bf4 Nc3 35. Qg4 Kb8 36. Qxh3 Ne4 37. Qg2 Ra7 38. Ng7 Rg8 39.
e6+ Ka8 40. Ndf5 Bc5 41. Rxa7+ Qxa7 0-1

[Event "*** Titled Tuesday Blitz"]
[Site "Chess.com"]
[Date "2021.04.20"]
[Round "1"]
[White "Kaslask"]
[Black "suyu28"]
[Result "0-1"]
[WhiteElo "2303"]
[BlackElo "2607"]
[TimeControl "180+1"]
[EndTime "10:07:24 PDT"]
[Termination "suyu28 won on time"]

1. c4 Nf6 2. d4 g6 3. Nc3 d5 4.
cxd5 Nxd5 5. e4 Nxc3 6. bxc3 Bg7 7. Bc4 O-O 8. Ne2 c5 9. Be3 Nc6 10. h4 Na5 11. Bd3 cxd4 12. cxd4 Be6 13. d5 Bg4 14. f3 Bd7 15. h5 Rc8 16. Rc1 b5 17. hxg6 hxg6 18. Bh6 Bxh6 19. Rxh6 Kg7 20. Qd2 Rxc1+ 21.
Qxc1 Qb6 22. Rh1 Rh8 23. Rxh8 Kxh8 24. Qc3+ Kg8 25. Qd4 Qc7 26. Kf2 f6 27. e5 fxe5 28.
Qh4 Be8 29. Be4 Nc4 30. Qg5 Qb6+ 31. Kg3 Qf6 32. Qg4 Nd6 33. Nc3 b4 34. Na4 Bxa4 35. Bxg6 Qf4+ 36. Qxf4 exf4+ 37. Kxf4 Kg7 38. Bd3 Bb5 39. Bc2 Bc4 40. Bb1 Kf6 41. Ke3 Ke5 42.
g4 Kxd5 43. g5 Nb5 44. g6 Nc3 45. Bd3 Bxa2 46. g7 Ke5 47. f4+ Kf6 48. Kd4 Kxg7 0-1